 Dungeon Crawl Stone Soup version 0.31-a0-1603-gbec6b6ccbf (webtiles) character file.

Game seed: 1803906398797749435

1410 zazu2006 the Thaumaturge (level 8, -1/91 HPs)
             Began as a Gnoll Wanderer on Jan 7, 2024.
             Was an Initiate of Vehumet.
             Incinerated by a bombardier beetle (5 damage)
             ... with a burning spray
             ... on level 5 of the Dungeon.
             The game lasted 00:14:28 (5528 turns).

zazu2006 the Thaumaturge (Gnoll Wanderer)           Turns: 5528, Time: 00:14:28

Health: -1/91      AC: 24    Str:  8 (11) XL:     8   Next: 70%
Magic:  29/29      EV:  2    Int: 10 (13) God:    Vehumet [......]
Gold:   149        SH:  0    Dex: 10 (13) Spells: 19/23 levels left

rFire   . . .        s - staff of air
rCold   . . .        (no shield)
rNeg    . . .        w - melded +1 leather armour {rPois}
rPois   +            g - melded +0 helmet
rElec   +            (cloak currently unavailable)
rCorr   .            (gloves currently unavailable)
SInv    .            (boots currently unavailable)
Will    +....        (no amulet)
Stlth   +            k - ring of magical power
HPRegen 0.35/turn    f - ring of willpower
MPRegen 0.21/turn

%: no passive effects
@: on fire, tree-form, on berserk cooldown, hasted and slowed, glowing
A: stationary, stasis, torment immunity, boosted hp, (fangs 1), strong nose,
distributed training
a: Renounce Religion


You were on level 5 of the Dungeon.
You worshipped Vehumet.
Vehumet was noncommittal.
You were a tree.
You visited 2 branches of the dungeon, and saw 6 of its levels.
You also visited: Sewer.

You collected 149 gold pieces.

Inventory:

Hand Weapons
 a - a +0 club
Missiles
 C - a throwing net
Armour
 c - a +0 ring mail
 g - a +0 helmet (melded)
 w - a +1 leather armour of poison resistance (melded)
Magical Staves
 m - a staff of conjuration
 s - a staff of air (weapon)
Jewellery
 d - a ring of flight
 f - a ring of willpower (right branch)
 k - a ring of magical power (left branch)
 n - a ring of ice
 B - a ring of magical power
Wands
 o - a wand of roots (5)
 A - a wand of acid (11)
Scrolls
 b - a scroll of teleportation
 e - a scroll of noise
 h - a scroll of amnesia
 i - 3 scrolls of poison {unknown}
 p - 2 scrolls of enchant weapon
 v - 2 scrolls of identify
 x - a scroll of blinking {unknown}
 y - a scroll of butterflies {unknown}
Potions
 j - 2 potions of magic
 q - 2 potions of haste
 r - a potion of lignification
 t - a potion of degeneration
 z - a potion of heal wounds {unknown}


   Skills:
 + Level 4.5 Fighting
 + Level 3.6 Short Blades
 + Level 3.6 Long Blades
 + Level 3.6 Axes
 + Level 3.6 Maces & Flails
 + Level 3.6 Polearms
 + Level 3.6 Staves
 + Level 3.6 Ranged Weapons
 + Level 3.6 Throwing
 + Level 5.9 Armour
 + Level 3.6 Dodging
 + Level 3.6 Stealth
 + Level 3.6 Shields
 + Level 3.6 Unarmed Combat
 + Level 8.1 Spellcasting
 + Level 3.0 Conjurations
 + Level 3.0 Hexes
 + Level 3.0 Summonings
 + Level 3.0 Necromancy
 + Level 3.0 Translocations
 + Level 3.0 Fire Magic
 + Level 3.0 Ice Magic
 + Level 4.9 Air Magic
 + Level 3.0 Earth Magic
 + Level 3.0 Alchemy
 + Level 4.0 Invocations
 + Level 4.5 Evocations
 + Level 3.3 Shapeshifting


You had 19 spell levels left.
You knew the following spells:

 Your Spells              Type           Power      Damage    Failure   Level
a - Shock                 Conj/Air       72%        1d7       3%          1
b - Mephitic Cloud        Conj/Alch/Air  17%        N/A       11%         3

Your spell library contained the following spells:

 Spells                   Type           Power      Damage    Failure   Level
 Freeze                   Ice            40%        1d6       4%          1
 Slow                     Hex            40%        N/A       4%          1
 Cigotuvi's Dreadful Rot  Necr/Alch/Air  34%        N/A       5%          2
 Swiftness                Air            20%        N/A       7%          3
 Ensorcelled Hibernation  Hex/Ice        20%        N/A       8%          2
 Jinxbite                 Hex            20%        N/A       8%          2
 Confusing Touch          Hex            10%        N/A       14%         3
 Frozen Ramparts          Ice            20%        1d4       14%         3
 Passwall                 Erth           10%        N/A       14%         3
 Sigil of Binding         Hex            10%        N/A       14%         3
 Vampiric Draining        Necr           10%        2d6       14%         3
 Ignite Poison            Fire/Alch      10%        N/A       43%         4
 Freezing Cloud           Conj/Ice/Air   8%         6-21      71%         5
 Haunt                    Necr/Summ      5%         N/A       100%        7
 Borgnjor's Revivificati  Necr           5%         N/A       100%        8
 Death's Door             Necr           5%         N/A       100%        9


Dungeon Overview and Level Annotations

Branches:
Dungeon (5/15)             Temple (1/1) D:5           Sewer (visited)

Altars:
Cheibriados
Dithmenos
Fedhas
Gozag
Hepliaklqana
Kikubaaqudgha
Makhleb
Nemelex Xobeh
Qazlal
Ru
Sif Muna
Trog
Uskayaw
Vehumet
Xom
Yredelemnul
Zin
The Shining One

Shops:
D:4 *

Annotations:
D:5 Menkaure


Innate Abilities, Weirdness & Mutations

You are a tree.
Your roots penetrate the ground, keeping you stationary.
You cannot be teleported.
You are immune to unholy pain and torment.
Your maximum health is greatly increased.
Your equipment is partially melded.
((You have very sharp teeth.))
Your uncanny sense of smell can sniff out nearby items.
Your experience applies equally to all skills.


Message History

You feel better. The liquid fire burns you!
* * * LOW HITPOINT WARNING * * *
It was a potion of degeneration.
There was something very wrong with that liquid.
You feel weakened.
You feel dopey.
You feel clumsy. The liquid fire burns you!
* * * LOW HITPOINT WARNING * * *
You feel better. The liquid fire burns you!
* * * LOW HITPOINT WARNING * * *
It was a potion of haste.
You feel yourself speed up. The liquid fire burns you!
* * * LOW HITPOINT WARNING * * *
It was a potion of lignification.
You turn into a tree.
Your +0 helmet melds into your body.
Your +1 leather armour of poison resistance melds into your body.
You no longer feel resistant to poison.
Your roots penetrate the ground.
The liquid fire burns you!
* * * LOW HITPOINT WARNING * * *
It was a potion of berserk rage.
A red film seems to cover your vision as you go berserk!
You feel yourself moving faster!
You feel mighty! The liquid fire burns you!
* * * LOW HITPOINT WARNING * * *
You are too berserk!
You feel a strong urge to attack something.
The liquid fire burns you!
* * * LOW HITPOINT WARNING * * *
The liquid fire burns you!
* * * LOW HITPOINT WARNING * * *
You feel your anger nearly subside. The liquid fire burns you!
* * * LOW HITPOINT WARNING * * *
The liquid fire burns you!
* * * LOW HITPOINT WARNING * * *
You are no longer berserk.
You are exhausted.
You feel yourself slow down. The liquid fire burns you!
You die...

....# #.# #...§...#
...># #.###§§§§.§§§§#.
....# ###...§§§§...§§...
....###.........._§.....
#####.......§...§§§...).
...##....(.##§§§§.§§§§#
##.........# #§§§§.§§#
####.>....## #§....#
######..####♣..#
##........# ##########


There were no monsters in sight!

Vanquished Creatures
  Eustachio (D:4)
  Edmund (D:5)
  The ghost of regularjon the Trooper, an amateur GrBe of Trog (D:4)
  Pargi (Sewer)
  An ogre (D:4)
  2 brain worms (Sewer)
  A jelly (D:5)
  4 orc priests
  A bombardier beetle (D:5)
  3 hounds (D:5)
  A gnoll bouda (D:4)
  Natasha (D:2)
  2 orc wizards
  Robin (D:2)
  14 gnolls
  8 adders
  3 river rats (D:4)
  3 dart slugs
  14 orcs
  7 endoplasms
  2 giant cockroaches (D:2)
  17 goblins
  10 hobgoblins
  5 jackals (D:1)
  4 kobolds
  4 ball pythons
  9 bats
  4 frilled lizards
  5 rats
130 creatures vanquished.

Notes
Turn   | Place    | Note
-------+----------+-------------------------------------------
     0 | D:1      | zazu2006 the Gnoll Wanderer began the quest for the Orb.
     0 | D:1      | zazu2006 set off with the following items: a +0 club, a
                  | scroll of teleportation, a +0 ring mail; and the following
                  | spells available to memorise: Shock, Freeze, Ensorcelled
                  | Hibernation, Jinxbite, Mephitic Cloud, Frozen Ramparts.
     0 | D:1      | Reached XP level 1. HP: 17/17 MP: 8/8
     2 | D:1      | Learned a level 1 spell: Shock
   334 | D:1      | Reached XP level 2. HP: 23/23 MP: 5/10
   808 | D:1      | Reached XP level 3. HP: 28/28 MP: 7/11
   812 | D:1      | Learned a level 3 spell: Mephitic Cloud
  1313 | D:2      | Reached skill level 1 in Short Blades
  1313 | D:2      | Reached skill level 1 in Long Blades
  1313 | D:2      | Reached skill level 1 in Axes
  1313 | D:2      | Reached skill level 1 in Maces & Flails
  1313 | D:2      | Reached skill level 1 in Polearms
  1313 | D:2      | Reached skill level 1 in Staves
  1313 | D:2      | Reached skill level 1 in Ranged Weapons
  1313 | D:2      | Reached skill level 1 in Throwing
  1313 | D:2      | Reached skill level 1 in Dodging
  1313 | D:2      | Reached skill level 1 in Stealth
  1313 | D:2      | Reached skill level 1 in Shields
  1313 | D:2      | Reached skill level 1 in Unarmed Combat
  1313 | D:2      | Reached skill level 1 in Invocations
  1315 | D:2      | Reached skill level 1 in Shapeshifting
  1315 | D:2      | Reached XP level 4. HP: 34/34 MP: 13/13
  1479 | D:2      | Noticed Natasha
  1484 | D:2      | Killed Natasha
  1485 | D:2      | Reached skill level 1 in Conjurations
  1485 | D:2      | Reached skill level 1 in Hexes
  1485 | D:2      | Reached skill level 1 in Summonings
  1485 | D:2      | Reached skill level 1 in Necromancy
  1485 | D:2      | Reached skill level 1 in Translocations
  1485 | D:2      | Reached skill level 1 in Fire Magic
  1485 | D:2      | Reached skill level 1 in Ice Magic
  1485 | D:2      | Reached skill level 1 in Earth Magic
  1485 | D:2      | Reached skill level 1 in Alchemy
  1984 | D:3      | Noticed Robin
  2115 | D:2      | Reached XP level 5. HP: 13/40 MP: 14/14
  2316 | D:2      | Killed Robin
  2338 | D:2      | Reached XP level 6. HP: 37/47 MP: 6/16
  2585 | D:3      | Reached skill level 5 in Armour
  2714 | D:3      | Found a sacrificial altar of Ru.
  3107 | D:4      | Found a stormy altar of Qazlal.
  3154 | D:4      | Found a hazy altar of Hepliaklqana.
  3263 | D:4      | Found Gin Ili's Gadget Gallery.
  3296 | D:4      | Reached XP level 7. HP: 52/52 MP: 18/18
  3310 | D:4      | Noticed Eustachio
  3334 | D:4      | Killed Eustachio
  3404 | D:4      | Found a glowing drain.
  3411 | Sewer    | Entered a sewer
  3554 | Sewer    | Noticed Pargi
  3565 | Sewer    | Killed Pargi
  3566 | Sewer    | Reached XP level 8. HP: 29/60 MP: 6/19
  4121 | D:4      | Found a shimmering blue altar of Sif Muna.
  4226 | D:4      | Found a runed translucent door.
  4231 | D:4      | Noticed regularjon's ghost (amateur GrBe)
  4863 | D:4      | Killed regularjon's ghost
  4900 | D:5      | Entered Level 5 of the Dungeon
  4900 | D:5      | Noticed Edmund
  4918 | D:5      | Reached skill level 8 in Spellcasting
  4921 | D:5      | Killed Edmund
  5007 | D:5      | Found a blossoming altar of Fedhas.
  5007 | D:5      | Noticed Menkaure
  5098 | D:5      | Found a staircase to the Ecumenical Temple.
  5122 | Temple   | Entered the Ecumenical Temple
  5179 | Temple   | Became a worshipper of Vehumet
  5476 | D:5      | Found a shadowy altar of Dithmenos.
  5527 | D:5      | HP: 6/136 [burnt (3)]
  5528 | D:5      | Incinerated by a bombardier beetle

Illustrated notes

Levels and vault maps discovered:
D:1:      giann_wishing_wells, layout_basic, st_stairs_7
D:2:      layout_basic, uniq_natasha
D:3:      layout_rooms, nicolae_ru_sacrificial_ziggurat, minmay_liquid_box,
          st_stairs_7, uniq_robin
D:4:      layout_loops_cross, nicolae_qazlal_scattered_showers,
          kennysheep_little_box, mainiacjoe_overflow_brackets,
          ebering_ghost_sewer_d, lightli_sewer_entry_pipes,
          nicolae_shop_gadgets, uniq_eustachio
D:5:      layout_rooms, nicolae_dithmenos_the_darkroom,
          lemuel_coloured_pillars_altar, mainiacjoe_overflow_paths,
          minmay_temple_entry_purple_smoke, dreamdust_gnoll_farm, uniq_menkaure,
          uniq_edmund
Temple:   minmay_temple_forest_path

Skill      XL: |  1  2  3  4  5  6  7  8 |
---------------+-------------------------+-----
Short Blades   | 1 2 3 |  3.6
Long Blades    | 1 2 3 |  3.6
Axes           | 1 2 3 |  3.6
Maces & Flails | 1 2 3 |  3.6
Polearms       | 1 2 3 |  3.6
Staves         | 1 2 3 |  3.6
Ranged Weapons | 1 2 3 |  3.6
Throwing       | 1 2 3 |  3.6
Dodging        | 1 2 3 |  3.6
Stealth        | 1 2 3 |  3.6
Shields        | 1 2 3 |  3.6
Unarmed Combat | 1 2 3 |  3.6
Invocations    | 1 2 3 4 |  4.0
Shapeshifting  | 1 2 3 |  3.3
Conjurations   | 1 2 3 |  3.0
Hexes          | 1 2 3 |  3.0
Summonings     | 1 2 3 |  3.0
Necromancy     | 1 2 3 |  3.0
Translocations | 1 2 3 |  3.0
Fire Magic     | 1 2 3 |  3.0
Ice Magic      | 1 2 3 |  3.0
Earth Magic    | 1 2 3 |  3.0
Alchemy        | 1 2 3 |  3.0
Fighting       | 3 4 |  4.5
Air Magic      | 4 |  4.9
Evocations     | 3 4 |  4.5
Armour         | 5 |  5.9
Spellcasting   | 8 |  8.1

Action                     |  1- 3 |  4- 6 |  7- 9 || total
---------------------------+-------+-------+-------++-------
  Melee: Club              |    24 |       |       ||    24
         Staff             |       |    26 |    39 ||    65
         Bite              |       |     1 |     9 ||    10
   Cast: Shock             |    54 |   154 |   138 ||   346
         Mephitic Cloud    |       |       |     1 ||     1
  Evoke: Wand              |       |       |     5 ||     5
    Use: Scroll            |       |     3 |     1 ||     4
         Potion            |       |       |     8 ||     8
   Stab: Confused          |       |       |     1 ||     1
 Armour: Ring mail         |    38 |    93 |    75 ||   206
         Leather armour    |       |       |    17 ||    17
  Dodge: Dodged            |    39 |    65 |    63 ||   167

Table legend: (Time is in decaauts)
 A = Elapsed time spent in this place.
 B = Non-inter-level travel time spent in this place.
 C = Inter-level travel time spent in this place.
 D = Time resting spent in this place.
 E = Time spent auto-exploring this place.
 F = Levels seen in this place.
 G = Mean time per level.
                   A        B        C        D        E       F      G
               +--------+--------+--------+--------+--------+-----+--------+
         Total |   5601 |   5384 |    217 |    240 |   3906 |   7 |  800.1 |
       Dungeon |   4982 |   4878 |    104 |    240 |   3484 |   5 |  996.4 |
        Temple |    114 |      1 |    113 |      0 |      0 |   1 |  114.0 |
         Sewer |    504 |    504 |      0 |      0 |    421 |   1 |  504.0 |
               +--------+--------+--------+--------+--------+-----+--------+

Top non-repeatable levels by time:
     D:2: 1383 daAuts
     D:4: 1356 daAuts
     D:1: 1047 daAuts
     D:3: 683 daAuts
     D:5: 511 daAuts
   Sewer: 504 daAuts
  Temple: 114 daAuts
